 Dungeon Crawl Stone Soup version 0.20.1-1-g8b1a95d (webtiles) character file.

177 Monsterracer the Chiller (level 5, -1/38 HPs)
             Began as a Demigod Ice Elementalist on Aug 25, 2017.
             Slain by an ice beast (5 damage)
             ... while paralysed
             ... on level 3 of the Dungeon.
             The game lasted 00:05:40 (3132 turns).

Monsterracer the Chiller (Demigod Ice Elementalist) Turns: 3132, Time: 00:05:41

Health: -1/38      AC:  2    Str: 11    XL:     5   Next: 9%
Magic:  12/12      EV:  2    Int: 21    God:
Gold:   95         SH:  0    Dex: 16    Spells: 4/10 levels left

rFire    . . .     SeeInvis +   v - +0 long sword
rCold    . . .     Gourm    .   (no shield)
rNeg     . . .     Faith    .   a - +0 robe
rPois    .         Spirit   .   (no helmet)
rElec    .         Reflect  .   (no cloak)
rCorr    .         Harm     .   (no gloves)
MR       .....                  (no boots)
Stlth    ++........             u - amulet of regeneration
Regen    0.6/turn               h - ring of see invisible
MPRegen  0.2/turn               (no ring)

@: paralysed, berserk cooldown, slowed
A: high mp 1
a: no special abilities


You were on level 3 of the Dungeon.
You were not hungry.

You visited 1 branch of the dungeon, and saw 3 of its levels.

You collected 95 gold pieces.

Inventory:

Hand Weapons
 e - a +0 dagger of holy wrath
 p - a +0 trident
 v - a +0 long sword (weapon)
Armour
 a - a +0 robe (worn)
 j - a cursed +0 ring mail
Jewellery
 h - a ring of see invisible (left hand)
 u - an amulet of regeneration (around neck)
Scrolls
 d - 2 scrolls of fear {unknown}
 g - a scroll of remove curse {unknown}
 i - a scroll of enchant weapon {unknown}
 l - 2 scrolls of teleportation {unknown}
 r - a scroll of random uselessness {unknown}
 s - a scroll of amnesia {unknown}
 x - a scroll of enchant armour {unknown}
Potions
 k - a potion of mutation
 m - a potion of berserk rage
 n - 2 potions of curing
 o - 2 potions of might
 q - a potion of magic
 w - a potion of flight
 z - a potion of brilliance
Books
 b - a book of Frost

   Spells                             Type                      Level
   a - Freeze                         Ice                          1
   b - Throw Frost                    Conjuration/Ice              2
   c - Ozocubu's Armour               Charms/Ice                   3
   d - Throw Icicle                   Conjuration/Ice              4
   e - Summon Ice Beast               Ice/Summoning                4
Comestibles
 c - 4 bread rations
 f - 2 royal jellies
 t - 4 fruits


   Skills:
 - Level 1.7 Dodging
 - Level 1.7 Stealth
 + Level 3.2 Spellcasting
 - Level 0.8 Conjurations
 * Level 4.6 Ice Magic


You had 4 spell levels left.
You knew the following spells:

 Your Spells              Type           Power        Failure   Level  Hunger
a - Freeze                Ice            ###.         1%          1    None
b - Throw Frost           Conj/Ice       ##....       6%          2    ##.....
c - Ozocubu's Armour      Chrm/Ice       ##......     16%         3    ###....


Dungeon Overview and Level Annotations

Branches:
Dungeon (3/15)


Innate Abilities, Weirdness & Mutations

You have an increased reservoir of magic. (+10% MP)


Message History

The ice beast hits you.
* * * LOW HITPOINT WARNING * * *
The ice beast freezes you!
* * * LOW HITPOINT WARNING * * *
Huge Dmg: -16%(-9hp) hp: 32%(18hp)
You closely miss the ice beast.
The ice beast is moderately wounded.
The ice beast hits you.
* * * LOW HITPOINT WARNING * * *
The ice beast freezes you!
* * * LOW HITPOINT WARNING * * *
Huge Dmg: -21%(-12hp) hp: 11%(6hp)
You feel a strong urge to attack something.
You feel your anger subside.
You are no longer berserk.
You pass out from exhaustion.
You feel yourself slow down. The ice beast hits you.
* * * LOW HITPOINT WARNING * * *
The ice beast freezes you.
You die...

....###...######### ###### #...
........#.#.#.#.#.#####..:.# #...
#######.[...............##.###...
#.#.#.#.#.#.#.....#........
#.................#..#####.
#.#.#.#.#.#.#†###.#..#.....
#...........<.# #.#..#...<.
#.#.#.#.#.#.#.# #.########.
#........Y@...# #..........
#.#.#(#.#.#.#.# ########...
.[$.........# #.......
#.#.#.#.#.#.# #.......
############# #....... #.......
########


You could see an ice beast.

Vanquished Creatures
  An orc wizard (D:3)
  5 adders
  4 gnolls
  2 oozes (D:3)
  A worm (D:2)
  3 dart slugs
  2 leopard geckos
  3 orcs (D:3)
  2 ball pythons
  5 giant cockroaches
  6 goblins
  2 kobolds (D:1)
  6 bats
  3 frilled lizards
  6 rats
51 creatures vanquished.

Vanquished Creatures (others)
  A giant cockroach (D:1)
1 creature vanquished.

Grand Total: 52 creatures vanquished

Notes
Turn   | Place    | Note
-------+----------+-------------------------------------------
     0 | D:1      | Monsterracer the Demigod Ice Elementalist began the quest for the Orb.
     0 | D:1      | Reached XP level 1. HP: 14/14 MP: 5/5
   414 | D:1      | Reached skill level 3 in Ice Magic
   608 | D:1      | Reached XP level 2. HP: 20/20 MP: 7/7
  1049 | D:2      | Learned a level 2 spell: Throw Frost
  1123 | D:2      | Found a blossoming altar of Fedhas.
  1129 | D:2      | Found an ancient bone altar of Kikubaaqudgha.
  1249 | D:2      | HP: 10/20 [leopard gecko (3)]
  1255 | D:2      | HP: 7/20 [poisoned by an adder]
  1262 | D:2      | HP: 5/20 [poisoned by an adder]
  1541 | D:2      | Reached XP level 3. HP: 26/26 MP: 9/9
  1546 | D:2      | Learned a level 3 spell: Ozocubu's Armour
  1877 | D:2      | Found a hazy altar of Hepliaklqana.
  2325 | D:3      | Reached XP level 4. HP: 18/33 MP: 1/10
  2332 | D:2      | Reached skill level 4 in Ice Magic
  2550 | D:3      | Found an iron altar of Okawaru.
  2599 | D:3      | Noticed an ice beast
  2741 | D:3      | Reached XP level 5. HP: 33/38 MP: 10/12
  2960 | D:3      | Found a shimmering altar of Xom.
  2960 | D:3      | Found a sacrificial altar of Ru.
  3122 | D:3      | HP: 26/57 [ice beast (12)]
  3126 | D:3      | HP: 6/57 [ice beast (11)]
  3132 | D:3      | HP: 4/38 [ice beast (3)]
  3132 | D:3      | Slain by an ice beast

Skill      XL: |  1  2  3  4 |
---------------+-------------+-----
Spellcasting   | 2 3 |  3.2
Ice Magic      | 3 4 |  4.6
Dodging        | |  1.7
Stealth        | |  1.7
Conjurations   | |  0.8

Action                   |  1- 3 |  4- 6 || total
-------------------------+-------+-------++-------
Melee: Unarmed           |     8 |       ||     8
       Hand axe          |     5 |       ||     5
       Whip              |     7 |       ||     7
       Short sword       |    16 |       ||    16
       Trident           |    19 |    25 ||    44
       Long sword        |       |    19 ||    19
 Cast: Freeze            |    37 |    16 ||    53
       Ozocubu's Armour  |     2 |     1 ||     3
  Use: Scroll            |       |     7 ||     7
       Potion            |       |     1 ||     1
 Stab: Sleeping          |     7 |     2 ||     9
  Eat: Chunk             |     5 |     2 ||     7
Armor: Robe              |    18 |     8 ||    26
Dodge: Dodged            |    35 |    36 ||    71
       Rpst.: Long sword |       |     3 ||     3
